 Dungeon Crawl Stone Soup version 0.31-a0-277-g31ea1f65cc (webtiles) character file.

Game seed: 11763196259998976723

57619 Shard1697 the Brawler (level 14, -7/122 HPs)
             Began as a Purple Draconian Shapeshifter on July 16, 2023.
             Was the Champion of Wu Jian.
             Mangled by a reaper
             ... wielding a +0 scythe of venom
              (20 damage)
             ... in a Gauntlet.
             The game lasted 00:48:54 (20564 turns).

Shard1697 the Brawler (DrSh)                       Turns: 20564, Time: 00:48:55

Health: -7/122     AC:  8    Str: 18    XL:     14   Next: 46%
Magic:  14/14      EV: 21    Int:  9    God:    Wu Jian [******]
Gold:   991        SH:  5    Dex: 22    Spells: 13/13 levels left

rFire   . .          .
                       - Unarmed
rCold   . . .        (no shield)
rNeg    . . .        (body armour unavailable)
rPois   +            (helmet currently unavailable)
rElec   .            (cloak currently unavailable)
rCorr   .            (gloves currently unavailable)
SInv    .            (boots currently unavailable)
Will    ++...        J - amulet of reflection
Stlth   +++          f - ring of poison resistance
HPRegen 0.40/turn    u - +6 ring of dexterity
MPRegen 0.14/turn

%: no teleportation, reflection
@: mighty, exhausted, beast-form
A: beast (slay +5), breathe power, AC +8, unfitting armour, cold-blooded, hooves
1, subdued magic 1
a: Breathe Dispelling Energy, Begin Untransformation, Renounce Religion, Wall
Jump, Serpent's Lash, Heavenly Storm


You were in a Gauntlet.
You worshipped Wu Jian.
Wu Jian was exalted by your worship.
You were a hulking beast.
You visited 4 branches of the dungeon, and saw 19 of its levels.
You also visited: Gauntlet and Ice Cave.

You collected 1495 gold pieces.
You spent 504 gold pieces at shops.

Inventory:

Missiles
 i - 4 throwing nets
Armour
 j - a +0 cloak
 y - a +0 pair of gloves
Jewellery
 f - a ring of poison resistance (left hand)
 k - an amulet of guardian spirit
 u - a +6 ring of dexterity (right hand)
 v - a ring of positive energy
 x - a ring of fire
 F - a ring of willpower
 J - an amulet of reflection (around neck)
Talismans
 b - a beast talisman
 s - a talisman of death
Wands
 c - a wand of polymorph (7)
 r - a wand of flame (30)
 t - a wand of roots (14)
 z - a wand of mindburst (15)
Scrolls
 h - a scroll of vulnerability
 m - a scroll of blinking
 n - a scroll of amnesia
 q - 3 scrolls of identify
 A - a scroll of enchant weapon
 C - a scroll of fog
 G - a scroll of fear
 H - a scroll of silence
 I - a scroll of enchant armour
 K - 3 scrolls of revelation
Potions
 a - 4 potions of magic
 d - a potion of might
 e - a potion of curing
 g - a potion of cancellation
 l - a potion of ambrosia
 o - 3 potions of mutation
 p - 4 potions of haste
 w - a potion of resistance
 B - 2 potions of enlightenment
 D - a potion of heal wounds
 E - a potion of attraction
 L - a potion of invisibility


   Skills:
 - Level 10.6 Fighting
 + Level 11.9 Dodging
 + Level 4.7 Stealth
 + Level 16.4 Unarmed Combat
 - Level 7.4 Evocations
 - Level 8.3 Shapeshifting


You had 13 spell levels left.
You didn't know any spells.
Your spell library contained the following spells:

 Spells                   Type           Power      Damage    Failure   Level
 Kiss of Death            Conj/Necr      0%         2d5       34%         1
 Magic Dart               Conj           0%         1d3       34%         1
 Necrotise                Necr           0%         1d4       34%         1
 Call Imp                 Summ           0%         N/A       47%         2
 Dazzling Flash           Conj/Hex       0%         N/A       73%         3
 Mephitic Cloud           Conj/Pois/Air  0%         N/A       73%         3
 Vampiric Draining        Necr           0%         2d6       73%         3
 Volatile Blastmotes      Fire/Tloc      0%         2d10      73%         3
 Agony                    Necr           0%         N/A       100%        5
 Fireball                 Conj/Fire      0%         3d3       100%        5
 Iskenderun's Battlesphe  Conj           0%         2d6       100%        5
 Silence                  Hex/Air        0%         N/A       100%        5
 Conjure Ball Lightning   Conj/Air       0%         3x3d6     100%        6
 Orb of Destruction       Conj           0%         9d5       100%        7


Dungeon Overview and Level Annotations

Branches:
Dungeon (11/15)            Temple (0/1) D:4            Lair (5/5) D:10
 Shoals (0/4) Lair:3        Snake (1/4) Lair:2        Slime (0/5) Lair:4
    Orc (2/2) D:11            Elf (0/3) Orc:2         IceCv (visited)
Gauntlet (1/1)

Altars:
Ashenzari
Nemelex Xobeh
Sif Muna
Vehumet
Wu Jian
Xom
Yredelemnul
Zin
Jiyva

Shops:
D:1 (   D:8 [   Orc:1 !

Annotations:
D:8 1 runed translucent door, Iniera's ghost, novice DEEn
D:10 3 runed translucent doors, Newt's ghost, novice DsGl
Orc:2 Saint Roka Gauntlet 11 transporters


Innate Abilities, Weirdness & Mutations

You are a hulking beast.
Your limbs bulge with bestial killing power. (Slay +5)
You can breathe bolts of dispelling energy.
Your rich purple scales are hard. (AC +8)
You cannot fit into any form of body armour.
You are cold-blooded and may be slowed by cold attacks.
You have large cloven feet.
Your spells are a little easier to cast, but a little less powerful.


Message History

You spin and attack the hellwing repeatedly, with incredible momentum.
You punch the hellwing! You tail-slap the hellwing.
The hellwing is almost dead.
You punch the hellwing!
You kill the hellwing!
The Council accepts your kill.
You spin and attack the reaper, with incredible momentum.
The elephant trumpets!
You hit the reaper but do no damage. You kick the reaper, but do no damage.
Your punch misses the reaper.
The reaper is lightly wounded.
Your supernatural speed expires.
You barely miss the reaper. You kick the reaper.
The reaper is moderately wounded.
You feel sick.
The reaper hits you with a +0 scythe of venom!!
You feel better. You block the reaper's attack.
Okay, then.
Okay, then.
You feel very mighty all of a sudden.
The reaper hits you with a +0 scythe of venom!!
* * * LOW HITPOINT WARNING * * *
The shadow imp misses you.
The elephant trumpets!
You hit the reaper. You kick the reaper! You tail-slap the reaper.
You punch the reaper.
The reaper is heavily wounded.
You hear a trumpeting!
You hit the reaper but do no damage. You kick the reaper! You punch the reaper!
The reaper is severely wounded.
The reaper shouts, "Death awaits you!" The reaper closely misses you.
The shadow imp gestures at you. Pain shoots through your body!
* * * LOW HITPOINT WARNING * * *
You punch the reaper!
Your tail-slap misses the reaper.
The reaper is severely wounded.
The shadow imp completely misses you.
The reaper hits you with a +0 scythe of venom!!
You die...

≈..#33.....#..#.........#..#.p.5.
#..#########..#.........#..######
#..........#..###########..#.....
#..#########..#.........#..######
#..#$......#..#.........#..#.....
#8.#=##.##3#..#?........#..#|###.
#..##..#..##..#"........#..#..#.^
#∩.#©##©##.#©©#©2..©....#§©#§.#©#
#..##..#..##..#!h5......#..#..^.#
#8.#x##.##.#..#.........#..#.#.##
#..#*x.....#..#.........#..#.....
#..#########..#.........#..######
#..........#..###########..#.....
#..#########..#.........#..######
≈..#......Y#..#...§§§...#..###G.#
#..#[.#.#.Y#..#..##§##..#..#..##.
≈..#:.#.#..#..#..≈###≈..#..#!.#.#


You could see a reaper, 2 elephants, a neqoxec and a shadow imp.

Vanquished Creatures
  An orc warlord (Orc:2)
  Harold (D:11)
  3 hydras
  Erica (D:8)
  2 two-headed ogres
  2 boulder beetles
  9 death yaks
  2 skysharks
  A fire crab (Lair:4)
  A goliath frog (Lair:5)
  Pikel (D:5)
  A lindwurm (Lair:4)
  An orc knight (Orc:1)
  An orc sorcerer (Orc:2)
  A necromancer (Lair:4)
  2 cyclopes
  A manticore (Lair:3)
  An ugly thing (IceCv)
  4 black mambas
  26 cane toads
  4 rime drakes
  10 komodo dragons
  A hellwing (Gauntlet)
  9 trolls
  3 polar bears
  3 hornets
  A wind drake (Lair:3)
  Grinder (D:5)
  2 tyrant leeches (Lair:5)
  23 blink frogs
  Sigmund (D:5)
  A shadow (D:11)
  2 wyverns
  2 vampires
  A wraith (D:11)
  42 yaks
  4 basilisks
  Grum (D:8)
  5 vampire mosquitoes (Lair:5)
  A warg (D:11)
  Menkaure (D:7)
  3 nagas (Lair:2)
  A hydra simulacrum (IceCv)
  An acid dragon (D:9)
  16 water moccasins
  23 orc warriors
  4 ice beasts
  A black bear (D:4)
  6 ogres
  10 wolves
  4 centaurs
  A phantom (D:5)
  5 kobold brigands
  18 bullfrogs
  A gnoll sergeant (D:11)
  A cane toad simulacrum (IceCv)
  4 scorpions
  13 wights
  2 elephant simulacra (IceCv)
  5 killer bees (D:8)
  5 electric eels
  3 howler monkeys (D:9)
  A lava snake (D:8)
  2 hounds
  3 jellies
  3 iguanas
  11 orc priests
  A gnoll bouda (D:10)
  Jessica (D:3)
  Natasha (thrice) (D:3)
  21 orc wizards
  6 yak simulacra (Lair:4)
  A polar bear simulacrum (Lair:1)
  3 wolf simulacra (Lair:4)
  12 gnolls
  8 adders
  4 shadow imps
  3 white imps
  An ufetubus (D:7)
  2 worms
  3 dart slugs
  74 orcs
  3 bats
  10 endoplasms
  4 giant cockroaches
  11 goblins
  5 hobgoblins
  4 quokkas
  6 ball pythons
  3 frilled lizards
  32 kobolds
  10 rats
  2 river rat simulacra (Lair:4)
560 creatures vanquished.

Vanquished Creatures (others)
  An orc (Orc:2)
1 creature vanquished.

Grand Total: 561 creatures vanquished

Notes
Turn   | Place    | Note
-------+----------+-------------------------------------------
     0 | D:1      | Shard1697 the Draconian Shapeshifter began the quest for
                  | the Orb.
     0 | D:1      | Reached XP level 1. HP: 17/17 MP: 1/1
    99 | D:1      | Found Feucs's Antique Weapon Shoppe.
   191 | D:1      | Reached XP level 2. HP: 23/24 MP: 2/2
   232 | D:1      | Reached skill level 3 in Unarmed Combat
   618 | D:2      | Reached XP level 3. HP: 23/29 MP: 3/3
   800 | D:2      | Reached skill level 4 in Unarmed Combat
  1013 | D:2      | Reached XP level 4. HP: 33/36 MP: 4/4
  1488 | D:3      | Noticed Jessica
  1493 | D:3      | Killed Jessica
  1494 | D:3      | Reached skill level 5 in Unarmed Combat
  1494 | D:3      | Reached XP level 5. HP: 29/41 MP: 2/5
  1707 | D:3      | Noticed Natasha
  1714 | D:3      | Killed Natasha
  2091 | D:3      | Noticed Natasha
  2101 | D:3      | Killed Natasha
  2102 | D:3      | Reached skill level 6 in Unarmed Combat
  2106 | D:3      | Noticed Natasha
  2126 | D:4      | Noticed a black bear
  2139 | D:4      | Killed a black bear
  2140 | D:4      | Reached XP level 6. HP: 38/51 MP: 3/6
  2244 | D:3      | Killed Natasha
  2527 | D:4      | Found an ornate altar of the Wu Jian Council.
  2568 | D:4      | Noticed a spectral centipede
  2568 | D:4      | Noticed a spectral black mamba
  2568 | D:4      | Noticed a spectral cane toad
  2569 | D:4      | Became a worshipper of the Wu Jian Council
  2614 | D:4      | Found a staircase to the Ecumenical Temple.
  2682 | D:4      | Found a shimmering altar of Xom.
  2696 | D:4      | Your scales start taking on a rich purple colour.
  2696 | D:4      | Reached XP level 7. HP: 56/59 MP: 3/7
  2702 | D:4      | Reached skill level 7 in Unarmed Combat
  2897 | D:5      | Entered Level 5 of the Dungeon
  3079 | D:5      | Noticed Sigmund
  3088 | D:5      | Killed Sigmund
  3089 | D:5      | Reached skill level 5 in Fighting
  3327 | D:5      | Reached skill level 8 in Unarmed Combat
  3327 | D:5      | Reached XP level 8. HP: 58/70 MP: 6/8
  3470 | D:5      | Noticed Pikel
  3921 | D:5      | Noticed Grinder
  3927 | D:5      | Killed Grinder
  4178 | D:5      | Reached * piety under Wu Jian
  4214 | D:5      | Found a shimmering blue altar of Sif Muna.
  4299 | D:5      | Killed Pikel
  4300 | D:5      | Reached skill level 9 in Unarmed Combat
  4300 | D:5      | Reached XP level 9. HP: 52/81 MP: 4/9
  4492 | D:6      | Found a broken altar of Ashenzari.
  4637 | D:6      | Noticed a troll
  4645 | D:6      | Killed a troll
  4836 | D:6      | Reached skill level 10 in Unarmed Combat
  5514 | D:7      | Noticed Menkaure
  5523 | D:7      | Killed Menkaure
  5524 | D:7      | Reached skill level 10 in Fighting
  5636 | D:7      | Reached ** piety under Wu Jian
  5653 | D:7      | Reached skill level 11 in Unarmed Combat
  6220 | D:8      | Noticed Grum
  6236 | D:8      | HP: 1/85 [Grum/+1 glaive of freezing (7)]
  6504 | D:7      | Gained mutation: Your spells are a little easier to cast,
                  | but a little less powerful. [potion of mutation]
  6504 | D:7      | Gained mutation: You have large cloven feet. [potion of
                  | mutation]
  6604 | D:8      | Found Yjekhlen's Antique Armour Shop.
  6611 | D:8      | Reached XP level 10. HP: 87/93 MP: 10/10
  6809 | D:8      | Killed Grum
  6844 | D:8      | Found a sparkling altar of Nemelex Xobeh.
  6866 | D:8      | Found a runed translucent door.
  6867 | D:8      | Noticed Iniera's ghost (novice DEEn)
  6928 | D:8      | Noticed a green ugly thing
  7241 | D:8      | Noticed Erica
  7253 | D:8      | Killed Erica
  7486 | D:8      | Reached *** piety under Wu Jian
  7845 | D:9      | Found a basalt altar of Yredelemnul.
  7916 | D:9      | Reached skill level 12 in Unarmed Combat
  7941 | D:9      | Reached skill level 5 in Dodging
  8602 | D:9      | Identified the +4 long sword of the Iron City of Dis
                  | {venom, *Slow rElec rPois Int+4}
  8721 | D:10     | Entered Level 10 of the Dungeon
  8857 | D:10     | Noticed a boulder beetle
  8876 | D:10     | Killed a boulder beetle
  8877 | D:10     | Reached XP level 11. HP: 70/99 MP: 6/11
  8986 | D:10     | Found a runed translucent gate.
  8986 | D:10     | Found a runed translucent gate.
  9347 | D:10     | Found a runed translucent gate.
  9356 | D:10     | Noticed Newt's ghost (novice DsGl)
  9356 | D:10     | Noticed a great orb of eyes
  9477 | D:10     | Noticed a two-headed ogre
  9491 | D:10     | Killed a two-headed ogre
  9492 | D:10     | Reached skill level 5 in Shapeshifting
  9596 | D:10     | Found a staircase to the Lair.
  9690 | D:10     | Reached **** piety under Wu Jian
  9833 | D:10     | Found a glowing silver altar of Zin.
  9944 | D:10     | Found a viscous altar of Jiyva.
  9998 | D:11     | Noticed a two-headed ogre
 10012 | D:11     | Killed a two-headed ogre
 10013 | D:11     | Reached skill level 13 in Unarmed Combat
 10108 | D:11     | Found a staircase to the Orcish Mines.
 10624 | D:11     | Noticed Harold
 10634 | D:11     | Killed Harold
 10949 | Lair:1   | Entered Level 1 of the Lair of Beasts
 11107 | Lair:1   | Found a frozen archway.
 11118 | IceCv    | Entered an ice cave
 11118 | IceCv    | Noticed a white ugly thing
 11132 | IceCv    | Killed a white ugly thing
 11138 | IceCv    | Found a transporter.
 11142 | IceCv    | Noticed a white ugly thing
 11145 | IceCv    | Found a transporter.
 11514 | Lair:1   | Reached XP level 12. HP: 106/106 MP: 12/12
 11937 | Lair:2   | Noticed a death yak
 11948 | Lair:2   | Noticed a death yak
 11950 | Lair:2   | Noticed a death yak
 11951 | Lair:2   | Noticed a death yak
 11960 | Lair:1   | Killed a death yak
 12163 | Lair:2   | Noticed a death yak
 12163 | Lair:2   | Noticed a death yak
 12870 | Lair:3   | Noticed an eight-headed hydra
 12886 | Lair:3   | Killed an eight-headed hydra
 12887 | Lair:3   | Reached skill level 14 in Unarmed Combat
 13377 | Lair:3   | Found a staircase to the Shoals.
 13380 | Lair:3   | Identified the staff of Bodily Harmony {rF+ rC+ Fire}
 13498 | Lair:2   | Killed a death yak
 13693 | Lair:2   | Found a radiant altar of Vehumet.
 13946 | Lair:2   | Found a staircase to the Snake Pit.
 14198 | Lair:2   | Reached ***** piety under Wu Jian
 14453 | Lair:2   | Reached skill level 10 in Dodging
 14559 | Lair:3   | Reached skill level 15 in Unarmed Combat
 14671 | Lair:3   | Found the +15 Maxwell's patent armour {-Cast -Tele rElec
                  | Will+ rCorr}
 15165 | Lair:4   | You fall into a shaft and drop 1 floor!
 15165 | Lair:5   | Entered Level 5 of the Lair of Beasts
 15165 | Lair:5   | Noticed a five-headed hydra
 15177 | Lair:5   | Killed a five-headed hydra
 15178 | Lair:5   | Reached skill level 1 in Evocations
 15178 | Lair:5   | Reached XP level 13. HP: 113/113 MP: 13/13
 15379 | Lair:5   | Reached skill level 5 in Evocations
 16503 | Lair:4   | Found a viscous altar of Jiyva.
 16503 | Lair:4   | Found a staircase to the Slime Pits.
 17374 | Lair:5   | Reached ****** piety under Wu Jian
 17493 | Lair:5   | Identified the +5 dire flail "Cuddol" {heavy, Int+3}
 17631 | Lair:5   | Reached skill level 1 in Stealth
 17685 | Lair:5   | Reached XP level 14. HP: 88/122 MP: 9/14
 18154 | Lair:5   | Identified the +3 battleaxe of the Sandy God {heavy, Dex+3}
 18400 | Lair:5   | Got Tawiw's Directory of Rotting Oxidation
 18510 | Snake:1  | Entered Level 1 of the Snake Pit
 18613 | Lair:1   | Reached skill level 16 in Unarmed Combat
 19127 | Orc:1    | Entered Level 1 of the Orcish Mines
 19805 | Orc:1    | Found Rekutub's Distillery.
 19858 | Orc:1    | Bought a potion of might for 56 gold pieces
 19858 | Orc:1    | Bought a potion of might for 56 gold pieces
 19858 | Orc:1    | Bought a potion of invisibility for 112 gold pieces
 19858 | Orc:1    | Bought 2 potions of haste for 280 gold pieces
 20026 | Orc:2    | Entered Level 2 of the Orcish Mines
 20033 | Orc:2    | Noticed Saint Roka
 20147 | Orc:2    | Found a staircase to the Elven Halls.
 20159 | Orc:2    | Noticed an orc warlord
 20177 | Orc:2    | Killed an orc warlord
 20270 | Orc:2    | Found a gate leading to a gauntlet.
 20286 | Gauntlet | Entered a Gauntlet
 20286 | Gauntlet | Found a transporter.
 20286 | Gauntlet | Found a transporter.
 20383 | Gauntlet | Found a transporter.
 20397 | Gauntlet | Noticed a reaper
 20401 | Gauntlet | Found a transporter.
 20401 | Gauntlet | Found a transporter.
 20401 | Gauntlet | Found a transporter.
 20403 | Gauntlet | Found a transporter.
 20403 | Gauntlet | Found a transporter.
 20416 | Gauntlet | Found a transporter.
 20432 | Gauntlet | Found a transporter.
 20442 | Gauntlet | Found a transporter.
 20447 | Gauntlet | Found a transporter.
 20481 | Gauntlet | Found a transporter.
 20493 | Gauntlet | Found a transporter.
 20564 | Gauntlet | Mangled by a reaper

Illustrated notes

Levels and vault maps discovered:
D:1:      roderic_dead_forest, layout_rooms, serial_shops, shop, minmay_unequal
D:2:      layout_loops_ring
D:3:      layout_loops_ring, uniq_jessica, uniq_natasha
D:4:      layout_basic, tgw_xom, pdpol_wu_jian_five_deadly_venoms,
          minmay_temple_entry_hall, minivault_23
D:5:      layout_loops_cross, lemuel_round_altar, uniq_pikel, uniq_sigmund,
          uniq_grinder
D:6:      layout_gridville, mainiacjoe_overflow_catwalk, due_unseen_surprise
D:7:      layout_cave_pools, uniq_menkaure
D:8:      layout_loops_cross, nemelex_spade_bored_becter, serial_shops, shop,
          gammafunk_ghost_grave, kennysheep_island_fort, uniq_erica, uniq_grum
D:9:      layout_loops_corners, mainiacjoe_overflow_small_starburst
D:10:     layout_loops_ring, zin_academy, hellmonk_lair_entry_icy,
          gammafunk_ghost_ooze, minivault_25
D:11:     layout_long_grid, orc_0_dummy, minmay_misc_feat_secret_circle,
          uniq_harold
Lair:1:   layout_loops_ring, portal_ice_cave_entry_ice_simulacra
Lair:2:   layout_cellular_growth, minmay_snake_entry_guardpost_small,
          basic_altar
Lair:3:   layout_roguey, minmay_shoals_entry_beasts,
          dreamdust_deal_with_the_devil, serial_bayou_shore_a
Lair:4:   layout_layer_cave, dpeg_slime_entry_enclosed, eino_house_with_fridge
Lair:5:   minmay_lair_end_frog_pond, layout_gridlike, st_stairs_4,
          lemuel_fruit_tree
Snake:1:  nrook_guardian_serpent_snake_passage, layout_chambers, uniq_josephine
Orc:1:    layout_caves, serial_shops, nicolae_shop_industrial_runoff
Orc:2:    st_orc_rangers, layout_diamond_mine, gauntlet_entry_generic,
          uniq_saint_roka
Gauntlet: gammafunk_gauntlet_mixed_choke_point
          [minmay_gauntlet_arena_77_radiant_squares,
          minmay_gauntlet_arena_77_broken_ladder, minmay_gauntlet_arena_77_mess,
          gammafunk_gauntlet_arena_open, minmay_gauntlet_arena_77_block_sizes,
          minmay_gauntlet_arena_77_braids,
          minmay_gauntlet_arena_77_chump_sandwich, gauntlet_exit_watery]

Skill      XL: |  1  2  3  4  5  6  7  8  9 10 11 12 13 14 |
---------------+-------------------------------------------+-----
Unarmed Combat | 3 4 5 6 8 9 11 12 13 15 16 | 16.4
Fighting       | 3 4 5 8 10 | 10.6
Dodging        | 2 6 8 10 11 | 11.9
Shapeshifting  | 4 6 8 |  8.3
Evocations     | 1 7 |  7.4
Stealth        | 1 4 |  4.7

Action                     |  1- 3 |  4- 6 |  7- 9 | 10-12 | 13-15 || total
---------------------------+-------+-------+-------+-------+-------++-------
  Melee: Unarmed           |    77 |   121 |   256 |   541 |   625 ||  1620
         Tailslap          |    10 |    14 |    37 |   107 |   118 ||   286
         Punch             |       |     3 |    10 |    48 |    60 ||   121
         Kick              |       |       |     6 |   200 |   230 ||   436
 Invoke: Serpent's Lash    |       |       |       |     2 |     1 ||     3
Ability: Lunge             |       |     1 |    26 |    59 |    42 ||   128
         Breathe Dispellin |       |       |     5 |     5 |       ||    10
         Whirlwind         |       |       |     8 |    19 |   115 ||   142
         Wall Jump         |       |       |       |       |     2 ||     2
  Evoke: Wand              |       |       |       |    12 |     7 ||    19
    Use: Potion            |       |     1 |     6 |     8 |     4 ||    19
         Scroll            |       |       |    14 |    10 |     5 ||    29
   Stab: Sleeping          |     1 |       |     4 |     5 |     2 ||    12
         Distracted        |     1 |       |       |     2 |     1 ||     4
         Invisible         |       |       |       |       |    16 ||    16
 Armour: Skin              |    12 |    40 |    62 |    66 |    48 ||   228
  Dodge: Dodged            |    50 |    54 |    85 |   270 |   342 ||   801
  Block: Other             |       |       |       |       |    42 ||    42
         Reflection        |       |       |       |       |     3 ||     3

Table legend: (Time is in decaauts)
 A = Elapsed time spent in this place.
 B = Non-inter-level travel time spent in this place.
 C = Inter-level travel time spent in this place.
 D = Time resting spent in this place.
 E = Time spent auto-exploring this place.
 F = Levels seen in this place.
 G = Mean time per level.
                   A        B        C        D        E       F      G
               +--------+--------+--------+--------+--------+-----+--------+
         Total |  20347 |  19517 |    830 |   3868 |  11643 |  21 |  968.9 |
       Dungeon |  11280 |  10909 |    371 |   1442 |   7489 |  11 | 1025.5 |
          Lair |   7656 |   7252 |    404 |   2181 |   3474 |   5 | 1531.2 |
     Snake Pit |      8 |      4 |      4 |      0 |      0 |   1 |    8.0 |
  Orcish Mines |    919 |    870 |     49 |      0 |    552 |   2 |  459.5 |
      Ice Cave |    207 |    207 |      0 |    160 |      0 |   1 |  207.0 |
      Gauntlet |    274 |    274 |      0 |     85 |    128 |   1 |  274.0 |
               +--------+--------+--------+--------+--------+-----+--------+

Top non-repeatable levels by time:
  Lair:3: 1863 daAuts
  Lair:5: 1751 daAuts
  Lair:2: 1620 daAuts
    D:10: 1467 daAuts
     D:5: 1443 daAuts
  Lair:4: 1322 daAuts
     D:7: 1198 daAuts
    D:11: 1166 daAuts
     D:8: 1150 daAuts
  Lair:1: 1098 daAuts
     D:9: 1077 daAuts
     D:3: 911 daAuts
     D:6: 782 daAuts
     D:4: 778 daAuts
     D:2: 719 daAuts
